 Dungeon Crawl Stone Soup version 0.30-a0-242-g7bf8e6d787 (webtiles) character file.

Game seed: 5397724884435166683

7363 KennySheep the Bludgeoner (level 11, -3/107 HPs)
             Began as an Ogre Cinder Acolyte on Oct 12, 2022.
             Was an Initiate of Ignis.
             Slain by a gnoll
             ... wielding a +0 spear
              (8 damage)
             ... in a bailey.
             The game lasted 00:37:15 (13785 turns).

KennySheep the Bludgeoner (Ogre Cinder Acolyte)    Turns: 13785, Time: 00:37:16

Health: -3/107     AC: 18    Str: 19    XL:     11   Next: 14%
Magic:  21/21      EV:  5    Int: 19    God:    Ignis [......]
Gold:   559        SH:  0    Dex:  3    Spells: 10/12 levels left

rFire   + . .      SeeInvis .    c - +2 morningstar (vorpal)
rCold   . . .      Faith    .    (no shield)
rNeg    . . .      Spirit   .    e - +4 steam dragon scales
rPois   .          Reflect  .    (helmet restricted)
rElec   .          Harm     .    j - +0 cloak
rCorr   .          Rampage  .    (gloves unavailable)
Will    +....                    (boots unavailable)
Stlth   +.........               i - amulet of the acrobat
HPRegen 0.37/turn                v - ring of magical power
MPRegen 0.17/turn                (no ring)

@: weakened, fiery-armoured, held
A: large, unfitting armour, tough skin 1, clever 1, sense surroundings 1, weak 2
a: Renounce Religion, Rising Flame


You were in a bailey.
You worshipped Ignis.
Ignis was noncommittal.
You visited 1 branch of the dungeon, and saw 10 of its levels.
You also visited: Sewer and Bailey.

You collected 559 gold pieces.

Inventory:

Hand Weapons
 a - a -1 mace of flaming
 c - a +2 vorpal morningstar (weapon)
Missiles
 p - 17 poisoned darts
 q - 51 stones
 x - 3 atropa-tipped darts
 y - 3 throwing nets
 C - 6 large rocks
Armour
 e - +4 steam dragon scales (worn)
 j - a +0 cloak (worn)
 B - the +4 robe of Augmentation {Str+4 Int+4 Dex+4}
   (You found it on level 6 of the Dungeon)

   Str:       It affects your strength (+4).
   Int:       It affects your intelligence (+4).
   Dex:       It affects your dexterity (+4).
Jewellery
 h - a ring of positive energy
 i - an amulet of the acrobat (around neck)
 v - a ring of magical power (left hand)
 A - an amulet of guardian spirit
Wands
 E - a wand of quicksilver (12)
 F - a wand of charming (8)
Scrolls
 d - 3 scrolls of amnesia
 g - 2 scrolls of noise
 r - 3 scrolls of teleportation
 w - a scroll of poison
 z - 2 scrolls of magic mapping
 D - a scroll of brand weapon
 G - a scroll of butterflies
Potions
 f - a potion of invisibility {unknown}
 k - a potion of lignification {unknown}
 l - 4 potions of degeneration
 m - 3 potions of attraction
 n - a potion of heal wounds
 o - 2 potions of flight
 s - 2 potions of brilliance
 t - a potion of mutation
 u - 6 potions of curing


   Skills:
 - Level 6.4 Fighting
 * Level 15.0 Maces & Flails
 - Level 1.2 Spellcasting
 - Level 2.6 Fire Magic


You had 10 spell levels left.
You knew the following spells:

 Your Spells              Type           Power      Damage    Failure   Level
a - Scorch                Fire           22%        2d6       10%         2

Your spell library contained the following spells:

 Spells                   Type           Power      Damage    Failure   Level
 Freeze                   Ice            4%         1d3       19%         1
 Sandblast                Erth           2%         2d4       19%         1
 Summon Small Mammal      Summ           4%         N/A       19%         1
 Passwall                 Tmut/Erth      0%         N/A       28%         2
 Call Canine Familiar     Summ           1%         N/A       50%         3
 Frozen Ramparts          Ice            2%         1d1       50%         3
 Hailstorm                Conj/Ice       1%         3d3       50%         3
 Portal Projectile        Hex/Tloc       2%         N/A       50%         3
 Stone Arrow              Conj/Erth      2%         3d7       50%         3
 Summon Guardian Golem    Hex/Summ       1%         N/A       50%         3
 Tukima's Dance           Hex            1%         N/A       50%         3
 Vhi's Electric Charge    Tloc/Air       2%         N/A       50%         3
 Arcjolt                  Conj/Air       0%         1d10      99%         5
 Blade Hands              Tmut           0%         N/A       99%         5
 Maxwell's Capacitive Co  Air            0%         ∞         100%        8


Dungeon Overview and Level Annotations

Branches:
Dungeon (10/15)            Temple (0/1) D:5           Sewer (visited)
 Bailey (1/1)
   Lair: D:8-11         Orc: D:9-12

Altars:
Gozag
Hepliaklqana
Okawaru
Ru
Trog
Uskayaw
Vehumet
Wu Jian
Yredelemnul
Zin

Shops:
D:8 *

Annotations:
D:3 1 runed translucent door, Crazy Yiuf
D:4 exclusion: statue
D:6 2 transporters, lunkers's ghost, novice MeWn
D:10 1 runed translucent door


Innate Abilities, Weirdness & Mutations

You are too large for most types of armour.
You have tough skin. (AC +1)
Your mind is acute. (Int +4, Str/Dex -1)
You passively map a small area around you.
You are very weak. (Str -4)


Message History

Press: ? - help, Dir - look around, f - activate Flames leap up around you!
You can no longer armour yourself in flame.
You can no longer call a swarm of foxfires against your foes.
The gnoll sergeant hits you but does no damage.
The gnoll bouda barks out a call to the hunt!
The gnoll sergeant picks up the pace!
The gnoll sergeant hits you from afar with a +0 glaive.
* * * LOW HITPOINT WARNING * * *
The gnoll hits you but does no damage.
The gnoll is burned by your cloak of flames.
The gnoll is lightly wounded.
You hear a shout!
You struggle against the net.
You hear a shout!
The gnoll sergeant is no longer moving quickly.
The gnoll is no longer moving quickly.
The foxfire hits the gnoll sergeant.
The gnoll sergeant is moderately wounded.
The foxfire hits the gnoll sergeant but does no damage.
The gnoll sergeant is moderately wounded.
The foxfire hits the gnoll bouda.
The gnoll bouda is almost dead.
The foxfire hits the gnoll bouda but does no damage.
The gnoll bouda is almost dead.
The foxfire hits the gnoll bouda.
You kill the gnoll bouda!
The foxfire hits the gnoll sergeant but does no damage. x2
The gnoll sergeant is moderately wounded.
The foxfire hits the gnoll sergeant.
The gnoll sergeant is moderately wounded.
The foxfire hits the gnoll.
The gnoll is moderately wounded.
The foxfire hits the gnoll sergeant but does no damage.
The gnoll sergeant is moderately wounded.
The foxfire hits the gnoll sergeant but does no damage.
The gnoll sergeant is moderately wounded.
The foxfire hits the gnoll but does no damage.
The gnoll is moderately wounded.
The gnoll sergeant barely misses you. x2; The gnoll hits you with a +0 spear!
You die...

......... ,
,,...... ,
#####...#
##...#...# ,, ~
#...g'.).+,,
#...g.#.g.#,,,, *
* #8..gg##g##
#...g##g.g## , *
#...##.v@).##
#...#.§§§§§.#,
#...#.§§8§§.# *
≈♣
♣≈#...#..§....#,,
*≈♣ ♣≈ ,
,##.....## , ≈♣
♣≈ ,##.).##, , ≈♣
♣≈* ,##'## , ≈♣
♣≈* ,,, #..)# ,
≈♣ ♣≈##* * #)..#
* ##≈♣


You could see 2 gnoll sergeants and 2 gnolls.

Vanquished Creatures
  A two-headed ogre (D:10)
  Maggie (D:8)
  A hornet (D:7)
  A shadow (D:8)
  11 yaks
  A wraith (D:10)
  A steam dragon (D:9)
  Menkaure (D:4)
  An acid dragon (D:9)
  3 water moccasins
  3 orc warriors
  A black bear (D:6)
  A sky beast (D:5)
  2 centaurs
  3 wolves (Bailey)
  5 scorpions
  4 bullfrogs
  A necrophage (D:3)
  2 gnoll sergeants
  5 wights (D:9)
  12 killer bees
  A howler monkey (D:9)
  A jelly (D:6)
  5 gnoll boudas
  7 hounds
  An orc priest (D:5)
  4 iguanas
  Jessica (D:3)
  7 orc wizards
  35 gnolls
  12 adders
  A river rat (D:6)
  2 shadow imps (D:7)
  4 white imps
  2 ufetubi
  3 worms
  3 dart slugs
  25 orcs
  7 endoplasms
  12 giant cockroaches
  7 goblins
  5 hobgoblins
  6 jackals
  5 kobolds
  12 quokkas
  12 ball pythons
  4 bats
  9 frilled lizards
  5 rats
259 creatures vanquished.

Vanquished Creatures (others)
  41 foxfires (Bailey)
  A plant (D:3)
42 creatures vanquished.

Grand Total: 301 creatures vanquished

Notes
Turn   | Place    | Note
-------+----------+-------------------------------------------
     0 | D:1      | KennySheep the Ogre Cinder Acolyte began the quest for the
                  | Orb.
     0 | D:1      | Reached XP level 1. HP: 24/24 MP: 2/2
    22 | D:1      | Found a faded altar of an unknown god.
   755 | D:1      | Reached skill level 3 in Maces & Flails
   755 | D:1      | Reached XP level 2. HP: 27/32 MP: 3/3
  1150 | D:2      | Reached XP level 3. HP: 24/40 MP: 4/4
  1530 | D:2      | Reached XP level 4. HP: 47/49 MP: 5/5
  1562 | D:2      | Reached skill level 4 in Maces & Flails
  1707 | D:2      | Reached skill level 5 in Fighting
  2126 | D:3      | Reached XP level 5. HP: 57/57 MP: 6/6
  2208 | D:3      | Found a runed translucent door.
  2209 | D:3      | Noticed Crazy Yiuf
  2234 | D:3      | Found an ornate altar of the Wu Jian Council.
  2313 | D:3      | Found a bloodstained altar of Trog.
  2313 | D:3      | Found a glowing silver altar of Zin.
  2314 | D:3      | Found a hide-covered altar of Uskayaw.
  2414 | D:3      | Found a hazy altar of Hepliaklqana.
  2420 | D:3      | Noticed Jessica
  2432 | D:3      | Killed Jessica
  2646 | D:3      | Learned a level 2 spell: Scorch
  3050 | D:3      | Reached skill level 5 in Maces & Flails
  3216 | D:4      | Reached XP level 6. HP: 42/67 MP: 7/7
  3350 | D:4      | Noticed Menkaure
  3588 | D:4      | Killed Menkaure
  3589 | D:4      | Reached skill level 6 in Maces & Flails
  3589 | D:4      | Reached XP level 7. HP: 58/76 MP: 1/8
  4036 | D:4      | Found an opulent altar of Gozag.
  4044 | D:4      | Reached skill level 7 in Maces & Flails
  4541 | D:4      | Found a radiant altar of Vehumet.
  4799 | D:5      | Entered Level 5 of the Dungeon
  4853 | D:5      | Found a staircase to the Ecumenical Temple.
  4946 | D:5      | Identified the +2 pair of gloves "Ybutwas" {Str+7 Dex-4
                  | Slay+2}
  5136 | D:5      | Reached XP level 8. HP: 79/84 MP: 4/9
  5264 | D:5      | Reached skill level 8 in Maces & Flails
  6290 | D:6      | Noticed a yak
  6384 | D:6      | Noticed lunkers's ghost (novice MeWn)
  6387 | D:6      | Found a transporter.
  6390 | D:6      | Found a transporter.
  6391 | D:6      | Noticed a cyclops
  6676 | D:6      | Reached skill level 9 in Maces & Flails
  6716 | D:6      | Found a glowing drain.
  6720 | Sewer    | Entered a sewer
  6728 | Sewer    | Gained mutation: You passively map a small area around you.
                  | [potion of mutation]
  6728 | Sewer    | Gained mutation: You are weak. (Str -2) [potion of
                  | mutation]
  6728 | Sewer    | Gained mutation: You are very weak. (Str -4) [potion of
                  | mutation]
  6728 | Sewer    | Gained mutation: Your mind is acute. (Int +4, Str/Dex -1)
                  | [potion of mutation]
  7480 | D:6      | Found the +4 robe of Augmentation {Str+4 Int+4 Dex+4}
  7764 | D:6      | Reached XP level 9. HP: 83/92 MP: 10/10
  7765 | D:6      | Reached skill level 10 in Maces & Flails
  8041 | D:6      | Found a basalt altar of Yredelemnul.
  8649 | D:7      | Found a sacrificial altar of Ru.
  8837 | D:7      | Noticed a hornet
  8840 | D:7      | Paralysed by a hornet for 2 turns
  8847 | D:7      | Killed a hornet
  8848 | D:7      | Reached skill level 11 in Maces & Flails
  8850 | D:7      | HP: 4/92 [poisoned by a hornet]
  8854 | D:7      | HP: 1/92 [poisoned by a hornet]
 10130 | D:7      | Reached skill level 12 in Maces & Flails
 10521 | D:8      | Noticed Maggie
 11114 | D:8      | Killed Maggie
 11115 | D:8      | Reached XP level 10. HP: 69/100 MP: 10/11
 11213 | D:8      | Found Veesuss's Mayhem Merchandise.
 11566 | D:8      | Reached skill level 13 in Maces & Flails
 11981 | D:9      | Found an iron altar of Okawaru.
 12875 | D:9      | Reached skill level 14 in Maces & Flails
 13255 | D:10     | Entered Level 10 of the Dungeon
 13263 | D:10     | Found a flagged portal.
 13269 | D:10     | Found a runed translucent door.
 13270 | D:10     | Noticed a fire crab
 13351 | D:10     | Noticed a two-headed ogre
 13362 | D:10     | Killed a two-headed ogre
 13363 | D:10     | Reached XP level 11. HP: 62/107 MP: 12/12
 13430 | Bailey   | Entered a bailey
 13759 | Bailey   | Reached skill level 15 in Maces & Flails
 13784 | Bailey   | HP: 4/107 [gnoll sergeant/+0 glaive (4)]
 13785 | Bailey   | Slain by a gnoll

Illustrated notes

Levels and vault maps discovered:
D:1:      lightli_arrival_boilingwater, layout_basic,
          ebering_ecumenical_altar_petrified, kennysheep_another_room,
          minmay_small_reverse_x
D:2:      layout_loops_ring, moated_statue
D:3:      layout_loops_corners, chequers_temple_overflow_statue_of_worship,
          nicolae_hepliaklqana_hazy_memory, nzn_wu_jian_council_hall,
          kennysheep_generic_room_5, uniq_crazy_yiuf_cottage, uniq_jessica
D:4:      layout_cave_pools, grunt_gozag_breadcrumbs, vehumet_statue,
          minivault_27, uniq_menkaure
D:5:      layout_gridville, temple_pool_b
D:6:      layout_cave_pods, mainiacjoe_overflow_chevrons,
          gup_sewer_entry_spiral, gammafunk_ghost_arena
D:7:      layout_loops_corners, mainiacjoe_overflow_small_starburst,
          hangedman_decor_push, hangedman_decor_growths,
          minmay_misc_feat_four_crosses, grunt_decor_mini_mirrors,
          dk_noncrumbling_3, grunt_decor_resistance, sigmund_army
D:8:      layout_basic, minmay_shop_mayhem, uniq_maggie
D:9:      layout_cave_pools, okawaru_gym_becter
D:10:     gammafunk_mikee_crab_dinner, layout_irregular_city, serial_shops,
          shop, enter_trove_1, enter_bailey_2
Bailey:   bailey_polearm_gnolls_kennysheep, bailey

Skill      XL: |  1  2  3  4  5  6  7  8  9 10 11 |
---------------+----------------------------------+-----
Maces & Flails | 3 4 5 6 7 9 12 14 15 | 15.0
Fighting       | 5 6 |  6.4
Spellcasting   | |  1.2
Fire Magic     | |  2.6

Action                   |  1- 3 |  4- 6 |  7- 9 | 10-12 || total
-------------------------+-------+-------+-------+-------++-------
Melee: Mace              |    73 |   134 |   390 |       ||   597
       Punch             |       |       |     3 |       ||     3
       Morningstar       |       |       |       |   239 ||   239
Throw: Dart              |    14 |     8 |       |       ||    22
       Stone             |       |     2 |       |       ||     2
 Cast: Scorch            |       |     2 |   148 |     5 ||   155
Invok: Fiery Armour      |       |     3 |     4 |     1 ||     8
       Foxfire Swarm     |       |       |       |     3 ||     3
  Use: Scroll            |       |     4 |    12 |     7 ||    23
       Potion            |       |       |     9 |     3 ||    12
Armor: Robe              |    35 |    59 |   176 |       ||   270
       Steam dragon scal |       |       |       |   117 ||   117
Dodge: Dodged            |    59 |    66 |   271 |   190 ||   586

Table legend: (Time is in decaauts)
 A = Elapsed time spent in this place.
 B = Non-inter-level travel time spent in this place.
 C = Inter-level travel time spent in this place.
 D = Time resting spent in this place.
 E = Time spent auto-exploring this place.
 F = Levels seen in this place.
 G = Mean time per level.
                   A        B        C        D        E       F      G
               +--------+--------+--------+--------+--------+-----+--------+
         Total |  13903 |  13485 |    418 |   2655 |   8505 |  12 | 1158.6 |
       Dungeon |  12999 |  12581 |    418 |   2441 |   8218 |  10 | 1299.9 |
         Sewer |    550 |    550 |      0 |      0 |    287 |   1 |  550.0 |
        Bailey |    353 |    353 |      0 |    214 |      0 |   1 |  353.0 |
               +--------+--------+--------+--------+--------+-----+--------+

Top non-repeatable levels by time:
     D:7: 2777 daAuts
     D:5: 1541 daAuts
     D:3: 1483 daAuts
     D:4: 1477 daAuts
     D:6: 1412 daAuts
     D:8: 1198 daAuts
     D:9: 1067 daAuts
     D:1: 968 daAuts
     D:2: 934 daAuts
   Sewer: 550 daAuts
  Bailey: 353 daAuts
    D:10: 139 daAuts
